 Dungeon Crawl Stone Soup version 0.29.1-1-gd02db6906a (webtiles) character file.

Game seed: 16417155557405592777

14056 Doomgape the Destroyer (level 11, -8/81 HPs)
             Began as a Demonspawn Conjurer on Oct 13, 2022.
             Was a Priest of Kikubaaqudgha.
             Mangled by a vampire (13 damage)
             ... on level 11 of the Dungeon.
             The game lasted 01:05:58 (16910 turns).

Doomgape the Destroyer (Demonspawn Conjurer)       Turns: 16910, Time: 01:05:58

Health: -8/81      AC:  5    Str:  7    XL:     11   Next: 83%
Magic:  11/24      EV: 16    Int: 24    God:    Kikubaaqudgha [***...]
Gold:   582        SH:  4    Dex: 12    Spells: 9/28 levels left

rFire   + . .      SeeInvis .   k - staff of cold
rCold   + . .      Faith    .   (no shield)
rNeg    . . .      Spirit   .   j - +0 steam dragon scales
rPois   .          Reflect  .   (no helmet)
rElec   .          Harm     .   (no cloak)
rCorr   .          Rampage  .   (no gloves)
Will    .....                   (no boots)
Stlth   ++........              (no amulet)
HPRegen 0.23/turn               f - +4 ring of evasion
MPRegen 0.19/turn               x - ring of protection from fire

@: no status effects
A: claws 1, sturdy frame 3, condensation shield, demonic magic 1
a: Renounce Religion, Unearth Wretches


You were on level 11 of the Dungeon.
You worshipped Kikubaaqudgha.
Kikubaaqudgha was most pleased with you.
You visited 1 branch of the dungeon, and saw 11 of its levels.

You collected 637 gold pieces.
You spent 55 gold pieces at shops.

Inventory:

Missiles
 n - 3 throwing nets
Armour
 j - +0 steam dragon scales (worn)
Magical Staves
 k - a staff of cold (weapon)
 t - a staff of air
Jewellery
 f - a +4 ring of evasion (left claw)
 x - a ring of protection from fire (right claw)
Wands
 d - a wand of polymorph (5)
 g - a wand of digging (4)
 m - a wand of charming (12)
 u - a wand of roots (12)
 v - a wand of mindburst (5)
Scrolls
 a - a scroll of summoning
 o - 4 scrolls of identify
 r - a scroll of enchant armour
 A - 3 scrolls of amnesia
 B - a scroll of enchant weapon
 C - a scroll of magic mapping
Potions
 b - a potion of magic
 c - 6 potions of flight
 h - a potion of curing
 i - 3 potions of mutation
 l - 2 potions of experience
 p - a potion of berserk rage {unknown}
 q - 3 potions of might
 s - a potion of invisibility {unknown}
 w - a potion of attraction {unknown}
 D - 2 potions of lignification {unknown}
Miscellaneous
 y - a condenser vane


   Skills:
 - Level 6.3 Fighting
 - Level 1.7 Dodging
 - Level 1.7 Stealth
 + Level 9.3 Spellcasting
 + Level 14.3 Conjurations
 - Level 4.3 Necromancy
 - Level 2.0 Ice Magic


You had 9 spell levels left.
You knew the following spells:

 Your Spells              Type           Power      Damage    Failure   Level
a - Magic Dart            Conj           100%       1d8       0%          1
b - Searing Ray           Conj           100%       2d8       1%          2
c - Iskenderun's Mystic   Conj/Tloc      45%        2d10      3%          4
d - Freezing Cloud        Conj/Ice/Air   27%        6-21      17%         5
e - Orb of Destruction    Conj           34%        9d10      13%         7

Your spell library contained the following spells:

 Spells                   Type           Power      Damage    Failure   Level
 Necrotise                Necr           100%       1d9       1%          1
 Sublimation of Blood     Necr           32%        N/A       1%          2
 Dazzling Flash           Conj/Hex       90%        N/A       1%          3
 Mephitic Cloud           Conj/Pois/Air  34%        N/A       2%          3
 Vampiric Draining        Necr           32%        2d8       2%          3
 Fulminant Prism          Conj/Hex       22%        3d13      3%          4
 Apportation              Tloc           22%        N/A       5%          1
 Slow                     Hex            44%        N/A       5%          1
 Summon Small Mammal      Summ           44%        N/A       5%          1
 Ensorcelled Hibernation  Hex/Ice        48%        N/A       5%          2
 Ozocubu's Armour         Ice            31%        N/A       8%          3
 Lightning Bolt           Conj/Air       22%        1d38      9%          5
 Dispel Undead            Necr           32%        3d14      10%         4
 Confusing Touch          Hex            11%        N/A       17%         3
 Gell's Gravitas          Tloc           11%        N/A       17%         3
 Ignite Poison            Fire/Tmut/Pois 11%        N/A       17%         3
 Lesser Beckoning         Tloc           11%        N/A       17%         3
 Spider Form              Tmut/Pois      11%        N/A       17%         3
 Summon Guardian Golem    Hex/Summ       11%        N/A       17%         3
 Teleport Other           Tloc           11%        N/A       17%         3
 Anguish                  Hex/Necr       10%        N/A       22%         4
 Agony                    Necr           32%        N/A       26%         5
 Corpse Rot               Necr/Pois/Air  18%        N/A       30%         4
 Airstrike                Air            5%         2d(1-17)  50%         4
 Passage of Golubria      Tloc           11%        N/A       50%         4
 Summon Lightning Spire   Summ/Air       11%        N/A       50%         4
 Metabolic Englaciation   Hex/Ice        12%        N/A       71%         5
 Death Channel            Necr           16%        N/A       82%         6
 Silence                  Hex/Air        5%         N/A       83%         5
 Simulacrum               Ice/Necr       19%        N/A       93%         6
 Spellforged Servitor     Conj/Summ      22%        N/A       94%         7
 Lehudib's Crystal Spear  Conj/Erth      22%        10d6      100%        8


Dungeon Overview and Level Annotations

Branches:
Dungeon (11/15)            Temple (0/1) D:6            Lair (0/5) D:10
    Orc (0/2) D:10

Altars:
Dithmenos
Fedhas
Gozag
Kikubaaqudgha
Ru
Trog
Wu Jian
Xom
Yredelemnul

Shops:
D:4 (   D:5 (   D:8 (   D:9 **

Annotations:
D:5 Prince Ribbit
D:9 exclusion: oklob plant


Innate Abilities, Weirdness & Mutations

You have sharp fingernails.
Your movements are significantly less encumbered by armour. (ER -6)
A meltable shield of frost defends you. (SH +4)
Spells you cast may paralyse adjacent enemies.


Message History

Press: ? - help, Shift-Dir - straight line The searing ray hits something. (Press . to maintain the ray.) Malevolent energies surge around you.
Something hits you! Something bites you!
Something draws strength from your injuries!
Unknown command.
The searing ray hits something!
Something hits you but does no damage. Something bites you!
Something draws strength from your injuries!
Something hits you. Something bites you!
* * * LOW HITPOINT WARNING * * *
Something draws strength from your injuries!
You finish channelling your searing ray.
Something hits you!
* * * LOW HITPOINT WARNING * * *
Something bites you!
* * * LOW HITPOINT WARNING * * *
Something draws strength from your injuries!
You feel much better. Something hits you!
* * * LOW HITPOINT WARNING * * *
Something bites you but does no damage.
Unknown command.
Casting: Searing Ray (safe; 1% risk of failure)
Confirm with . or Enter, or press ? or * to list all spells.
Aiming: Searing Ray (safe; 1% risk of failure)
Press: ? - help, Shift-Dir - straight line The searing ray hits something. (Press . to maintain the ray.) Malevolent energies surge around you.
Something hits you.
* * * LOW HITPOINT WARNING * * *
You block something's attack. Something hits you.
* * * LOW HITPOINT WARNING * * *
Something bites you!
* * * LOW HITPOINT WARNING * * *
Something draws strength from your injuries!
The searing ray hits something but does no damage.
Something hits you!
You die...
Kikubaaqudgha rasps: "You have failed me!
Welcome... death!"

###......##..#
)........###.# .#
.........# #.# .# .
.........# #.# .# ..
.........###.# .# ...
.............# .##..
.............# ...
############.##########.#.#
#....@.........#
########......## ########


There were no monsters in sight!

Vanquished Creatures
  Harold (D:11)
  Pikel (D:7)
  A kobold demonologist (D:10)
  A shadow (D:10)
  4 wraiths
  9 yaks
  2 steam dragons
  A wyvern (D:9)
  Menkaure (D:7)
  A two-headed ogre zombie (D:10)
  2 water moccasins
  3 ice beasts
  An orc warrior (D:9)
  3 sky beasts
  A black bear (D:7)
  3 ogres (D:5)
  4 centaurs
  4 lemures
  2 kobold brigands
  2 bullfrogs
  3 gnoll sergeants
  A necrophage (D:8)
  A scorpion (D:5)
  2 troll zombies (D:10)
  An electric eel (D:7)
  A lava snake (D:7)
  3 hounds
  9 jellies
  An orc priest (D:10)
  2 iguanas
  Natasha (thrice) (D:2)
  5 orc wizards
  5 ogre zombies (D:10)
  21 gnolls
  6 adders
  2 ufetubi
  A worm (D:3)
  22 orcs
  15 endoplasms
  3 giant cockroaches
  7 goblins
  5 hobgoblins
  2 jackals (D:2)
  3 quokkas
  5 ball pythons
  5 bats
  A goblin skeleton (D:10)
  5 goblin zombies (D:10)
  2 hobgoblin zombies (D:10)
  21 kobolds
  2 orc skeletons (D:10)
  15 orc zombies (D:10)
  6 rats
233 creatures vanquished.

Vanquished Creatures (others)
  An orc wizard (D:9)
  An orc (D:9)
  7 fungi (D:9)
9 creatures vanquished.

Grand Total: 242 creatures vanquished

Notes
Turn   | Place    | Note
-------+----------+-------------------------------------------
     0 | D:1      | Doomgape the Demonspawn Conjurer began the quest for the
                  | Orb.
     0 | D:1      | Reached XP level 1. HP: 13/13 MP: 3/3
   290 | D:1      | Gained mutation: A meltable shield of frost defends you.
                  | (SH +4) [demonic ancestry]
   290 | D:1      | Reached XP level 2. HP: 19/19 MP: 0/5
   585 | D:1      | Learned a level 2 spell: Searing Ray
   594 | D:1      | You fall into a shaft and drop 1 floor!
  1268 | D:2      | Found a shimmering altar of Xom.
  1283 | D:2      | Reached skill level 5 in Conjurations
  1344 | D:2      | Gained mutation: Your movements are slightly less
                  | encumbered by armour. (ER -2) [demonic ancestry]
  1344 | D:2      | Reached XP level 3. HP: 24/24 MP: 4/6
  1825 | D:2      | Found a faded altar of an unknown god.
  1962 | D:2      | Noticed Natasha
  1998 | D:2      | Killed Natasha
  2384 | D:2      | Noticed Natasha
  2540 | D:2      | Reached XP level 4. HP: 30/30 MP: 5/7
  2638 | D:2      | Killed Natasha
  2704 | D:2      | Noticed Natasha
  2709 | D:2      | Killed Natasha
  2710 | D:2      | Reached skill level 6 in Conjurations
  3087 | D:3      | Gained mutation: Spells you cast may paralyse adjacent
                  | enemies. [demonic ancestry]
  3087 | D:3      | Reached XP level 5. HP: 35/35 MP: 3/8
  3835 | D:4      | Noticed a water moccasin
  3848 | D:4      | Killed a water moccasin
  3849 | D:4      | Reached skill level 7 in Conjurations
  4132 | D:4      | Gained mutation: Your movements are less encumbered by
                  | armour. (ER -4) [demonic ancestry]
  4132 | D:4      | Reached XP level 6. HP: 39/41 MP: 6/9
  4203 | D:4      | Noticed an angel
  4208 | D:4      | Found a basalt altar of Yredelemnul.
  4210 | D:4      | Noticed a profane servitor
  4608 | D:4      | Found a sacrificial altar of Ru.
  4701 | D:4      | Found a blossoming altar of Fedhas.
  4701 | D:4      | Found a shadowy altar of Dithmenos.
  4701 | D:4      | Found an ancient bone altar of Kikubaaqudgha.
  4703 | D:4      | Found a bloodstained altar of Trog.
  4706 | D:4      | Found an ornate altar of the Wu Jian Council.
  4735 | D:4      | Became a worshipper of Kikubaaqudgha
  4790 | D:4      | Found Xuel Heh's Weapon Shoppe.
  4955 | D:5      | Entered Level 5 of the Dungeon
  5108 | D:5      | Reached skill level 8 in Conjurations
  5192 | D:5      | Reached XP level 7. HP: 46/46 MP: 4/10
  5537 | D:5      | Found Ciqioluq's Antique Weapon Boutique.
  5661 | D:5      | Noticed Prince Ribbit
  5678 | D:5      | Reached skill level 9 in Conjurations
  6988 | D:6      | Found a staircase to the Ecumenical Temple.
  7000 | D:6      | Reached skill level 10 in Conjurations
  7368 | D:6      | Found an opulent altar of Gozag.
  7911 | D:7      | Reached XP level 8. HP: 52/52 MP: 6/11
  8516 | D:7      | Noticed Pikel
  8522 | D:7      | Reached * piety under Kikubaaqudgha
  8522 | D:7      | Received a gift from Kikubaaqudgha
  8553 | D:7      | Reached skill level 11 in Conjurations
  8562 | D:7      | HP: 2/52 [sky beast (6)]
  8872 | D:6      | Learned a level 4 spell: Iskenderun's Mystic Blast
  8978 | D:7      | Reached skill level 1 in Fighting
  9260 | D:7      | Noticed Menkaure
  9267 | D:7      | Killed Menkaure
  9364 | D:7      | Killed Pikel
  9365 | D:7      | Gained mutation: Your movements are significantly less
                  | encumbered by armour. (ER -6) [demonic ancestry]
  9365 | D:7      | Reached XP level 9. HP: 39/65 MP: 1/15
  9827 | D:8      | Found Waqymp's Weapon Boutique.
  9855 | D:8      | Reached skill level 5 in Spellcasting
  9856 | D:8      | Reached skill level 5 in Fighting
 10566 | D:8      | Learned a level 5 spell: Freezing Cloud
 11077 | D:9      | Found Qipha's Assorted Antiques.
 11653 | D:9      | Identified a scroll of acquirement
 11653 | D:9      | Acquired a book of Dangerous Friends
 11663 | D:9      | Learned a level 7 spell: Orb of Destruction
 11915 | D:9      | Reached ** piety under Kikubaaqudgha
 11916 | D:9      | Reached skill level 1 in Ice Magic
 11916 | D:9      | Reached XP level 10. HP: 60/76 MP: 13/19
 11994 | D:9      | Found Xadoimma's General Store.
 11999 | D:9      | Bought a scroll of identify for 22 gold pieces
 11999 | D:9      | Bought a potion of curing for 33 gold pieces
 12465 | D:9      | Reached skill level 1 in Necromancy
 12723 | D:9      | Noticed an oklob plant
 13162 | D:10     | Entered Level 10 of the Dungeon
 13374 | D:10     | Reached skill level 12 in Conjurations
 13920 | D:10     | Found a staircase to the Orcish Mines.
 14082 | D:9      | Reached *** piety under Kikubaaqudgha
 14082 | D:9      | Received a gift from Kikubaaqudgha
 15333 | D:10     | Found a staircase to the Lair.
 16515 | D:11     | Noticed Harold
 16519 | D:11     | Reached skill level 14 in Conjurations
 16519 | D:11     | Gained mutation: You have sharp fingernails. [demonic
                  | ancestry]
 16519 | D:11     | Reached XP level 11. HP: 62/81 MP: 18/24
 16525 | D:11     | Killed Harold
 16906 | D:11     | HP: 4/81 [something (10)]
 16910 | D:11     | Mangled by a vampire

Illustrated notes

Levels and vault maps discovered:
D:1:      pf_arrival_petrified_forest, layout_basic, minmay_bisected
D:2:      layout_basic, hellmonk_ecumenical_altar_zigzags, basic_altar,
          mrwooster_statue_mirror, chequers_hall_statues_wall_a, nicolae_titane,
          uniq_natasha
D:3:      layout_loops_ring
D:4:      layout_gridville, nicolae_ru_awakened_eye, minitemple,
          grunt_temple_overflow_holy_war, serial_shops, nicolae_lakefront_shop
D:5:      layout_basic, serial_shops, shop_fountains, nrook_pool_corridor,
          kennysheep_nondescript, uniq_prince_ribbit1
D:6:      layout_loops_corners, grunt_gozag_breadcrumbs,
          minmay_temple_entry_waves
D:7:      layout_rooms, minmay_crystal_water, nicolae_lava_and_water,
          st_stairs_2, uniq_pikel, uniq_menkaure
D:8:      layout_rooms, serial_shops, shop
D:9:      lemuel_slime, layout_basic, kennysheep_mini_moat, serial_shops,
          shop_fountains, nicolae_take_the_stairs, nicolae_underground_beach
D:10:     layout_gridville, lair_entry_dummy, zombieorc2_lemuel
D:11:     layout_stronghold, gauntlet_entry_generic, fountainhead, minivault_5,
          uniq_harold, uniq_sonja, uniq_snorg

Skill      XL: |  1  2  3  4  5  6  7  8  9 10 |
---------------+-------------------------------+-----
Conjurations   | 5 6 7 8 10 11 14 | 14.3
Fighting       | 3 6 |  6.3
Spellcasting   | 4 6 9 |  9.3
Ice Magic      | 1 2 |  2.0
Necromancy     | 4 |  4.3
Dodging        | |  1.7
Stealth        | |  1.7

Action                   |  1- 3 |  4- 6 |  7- 9 | 10-12 || total
-------------------------+-------+-------+-------+-------++-------
Melee: Staff             |     4 |       |     4 |     3 ||    11
 Cast: Magic Dart        |    46 |    34 |    33 |    19 ||   132
       Searing Ray       |     6 |    14 |    74 |   101 ||   195
       Iskenderun's Myst |       |       |     2 |     5 ||     7
       Freezing Cloud    |       |       |       |     1 ||     1
  Use: Scroll            |     6 |     3 |    14 |     3 ||    26
       Potion            |       |       |     7 |    11 ||    18
 Stab: Paralysed         |       |       |     4 |       ||     4
Armor: Robe              |     2 |     1 |    17 |       ||    20
       Steam dragon scal |       |       |     4 |    24 ||    28
Dodge: Dodged            |    15 |    18 |   105 |   108 ||   246
Block: Other             |     3 |     1 |    23 |    24 ||    51
